moxana, chaotic female human Rogue ---- --- |..---------------------.-- -- | --.........................--.---- .| ----...----------..--.-...................- |...)).| |.........k....%..----- --------- |..*...| |..--^....d@.....-- |...||..--------...--- --- |............-- |...--..........)--- ----..........| --.......--------- --........-- ------...----- |........| |..| |-..---.-- -- | --....--..-------- --..| |........--- .....| |............|-..---- |...| --...............- ------------.|......----- |...| --..............-- |..^......|..| ---.| |....--.......--- ------...........| |.----...| .....-- |..|............-- |<.---...| --...- |..............-- |...|....-- -...| ---..--.......-- ---.......| --.| --------....| --.|.--.| -- |..--- ----- -- ---- moxana the Cutpurse Experience level: 4 Strength: 10 Dexterity: 18 Constitution: 15 Intelligence: 11 Wisdom: 11 Charisma: 10 Health: 0(40) Energy: 12(12) Def: 3 Gold: 5 Moves: 502 Dungeon seed: hGzXDUP0ia59DEKr Game ID: moxana_1542114896 Your Inventory: Coins $ - 5 gold pieces Weapons a - an uncursed +0 dagger named Sharptooth (weapon in hand) b - 11 uncursed +0 daggers (in quiver) t - 2 uncursed +0 darts u - 24 cursed -1 darts v - 6 uncursed +0 daggers Armor e - an uncursed +1 leather armor (being worn) q - a cursed -3 dwarvish cloak r - an uncursed +0 pair of iron shoes z - an uncursed +0 dwarvish cloak C - a blessed +1 elven mithril-coat N - an uncursed +0 pair of iron shoes Comestibles w - an uncursed tripe ration Potions s - an uncursed potion of extra healing Rings y - an uncursed ring of slow digestion Wands j - an uncursed wand of sleep (0:4) Tools k - an uncursed lock pick p - an uncursed tin whistle x - 5 uncursed wax candles (0:400) A - 5 uncursed tallow candles (0:200) B - an uncursed sack Gems n - an uncursed obsidian stone Y - 2 uncursed worthless pieces of red glass Contents of the sack: an uncursed potion of enlightenment 2 uncursed potions of hallucination an uncursed potion of restore ability an uncursed potion of sickness an uncursed potion of water Spells and supernatural/magical abilities: Name Level Category Fail Memory W - pray for help -- divine ? -- Your skills at the end: Fighting Skills Weapon Skills dagger [Basic] short sword [Basic] Spellcasting Skills Final Attributes: You were piously aligned. You were stealthy. You are dead. Vanquished creatures: a gnome king a gnome lord a kitten 2 dwarves a coyote a hobbit 2 giant rats 2 cave spiders 8 gnomes a newt 20 creatures vanquished. Voluntary challenges: You were an atheist. You used a wielded weapon 30 times, starting on turn 228. You were illiterate. You never genocided any monsters. You never polymorphed an object. You never changed form. You used no wishes. You never split a pudding. You never wrote Elbereth's name. You never violated your personal moral code. Dungeon overview: The Dungeons of Doom: levels 1 to 2 Level 1 a long staircase Level 2 stairs to The Gnomish Mines The Gnomish Mines: Level 3 <- You were here stairs to The Dungeons of Doom History has recorded: On T:1 you entered the Dungeons of Doom to retrieve the Amulet of Yendor! On T:153 you reached level 2 of The Dungeons of Doom. On T:186 you reached level 1 of The Gnomish Mines. On T:229 you advanced to experience level 2. On T:286 you advanced to experience level 3. On T:299 you advanced to experience level 4. Score breakdown: Gold: 5 ( 2647 points) Experience: 4 levels ( 9649 points) Exploration: 3 levels ( 6.52%) ( 6324 points) Discoveries: 2 items ( 0.67%) ( 2457 points) Valuables value: (no points given unless you survive) Artifact value: 0 ( 0 points) Variety of kills: 10 monsters ( 2.62%) ( 4860 points) Turncount: 502 turns ( 0 points) Survival: died (score multiplied by 80%) Total score: 20749 Latest messages: You finish eating the cave spider corpse. The cave spider bites! (2x) The cave spider misses. You hit the cave spider. The cave spider bites! You hit the cave spider. The cave spider bites! You kill the cave spider! You fall into a pit! You are still in a pit. You crawl to the edge of the pit. The coyote bites! The large kobold hits! You hit the large kobold. The coyote misses. You hit the large kobold. The coyote bites! The large kobold hits! You hit the coyote. The coyote bites! (2x) The large kobold hits! You die... Final status: Goodbye moxana the Rogue, killed by a large kobold... You died in The Gnomish Mines on dungeon level 3 with 20749 points, and 5 pieces of gold, after 502 moves. You were level 4 with a maximum of 40 hit points when you died.